 Dungeon Crawl Stone Soup version 0.21-a0-401-g0b6bec4 (webtiles) character file.

100660 4thArraOfDagon the Cruncher (level 16, -19/96 HPs)
             Began as a Tengu Abyssal Knight on Oct 24, 2017.
             Was the Champion of Lugonu.
             Demolished by a large abomination (27 damage)
             ... in a wizard's laboratory.
             The game lasted 01:16:08 (13757 turns).

4thArraOfDagon the Cruncher (Tengu Abyssal Knight) Turns: 13757, Time: 01:16:08

Health: -19/96     AC: 21    Str: 13    XL:     16   Next: 28%
Magic:  36/36      EV: 28    Int: 27    God:    Lugonu [******]
Gold:   287        SH:  2    Dex: 20    Spells: 11/33 levels left

rFire    + . .     SeeInvis +   H - +6 Majin-Bo {vamp, Archmagi MP+6 Int+6}
rCold    + . .     Gourm    .   (shield currently unavailable)
rNeg     + . .     Faith    .   g - +3 chain mail "Jareng" {rPois rC+ Slay+2}
rPois    +         Spirit   .   Q - +2 hat {MR+}
rElec    +         Reflect  +   b - +2 cloak of Sacyla {rElec rN+}
rCorr    .         Harm     .   y - +0 pair of gloves
MR       ++...                  (boots unavailable)
Stlth    ..........             O - +2 amulet of reflection
HPRegen  0.66/turn              Z - ring "Arrionet" {rF+ MR- EV+5 Dex+6 SInv}
MPRegen  0.25/turn              G - +6 ring of evasion

@: flying quickly and evasively, quick
A: beak, talons 3, clever 1, magic resistance 1, regeneration 1, wild magic 1,
able to fly 2
a: Stop Flying, Depart the Abyss, Bend Space, Banish, Corrupt, Enter the Abyss,
Brand Weapon With Distortion, Renounce Religion


You were in a wizard's laboratory.
You worshipped Lugonu.
Lugonu was exalted by your worship.
You were not hungry.

You visited 3 branches of the dungeon, and saw 19 of its levels.
You visited the Abyss 1 time.
You also visited: Labyrinth, Sewer, Ice Cave and Wizlab.

You collected 1984 gold pieces.
You spent 1697 gold pieces at shops.

Inventory:

Hand Weapons
 e - the +7 halberd "Jumpefemm" {speed, +Rage rElec}
   (You found it on level 11 of the Dungeon)

   Attacks with this weapon are significantly faster.
   It insulates you from electricity.
   It lets you go berserk.
 H - the +6 Majin-Bo (weapon) {vamp, Archmagi MP+6 Int+6}
   (You took it off a centaur on level 7 of the Dungeon)

   It inflicts no extra harm, but heals its wielder when it wounds a living foe.
   It affects your intelligence (+6).
   It affects your magic capacity (+6).
 V - the +8 autumn katana {slice, Clar}
   (You found it on level 12 of the Dungeon)

   It inflicts extra damage upon your enemies.
   It protects you against confusion.
Armour
 a - a +1 large shield of protection
 b - the +2 cloak of Sacyla (worn) {rElec rN+}
   (You found it on level 11 of the Dungeon)

   It insulates you from electricity.
   It protects you from negative energy.
 g - the +3 chain mail "Jareng" (worn) {rPois rC+ Slay+2}
   (You bought it in a shop on level 2 of the Orcish Mines)

   It affects your accuracy and damage with ranged weapons and melee attacks
   (+2).
   It protects you from cold.
   It protects you from poison.
 v - the +2 ratskin cloak {+Rats rPois rN+ Str-1 Int-1 Dex+1}
   (You found it in a labyrinth)

   It affects your strength (-1).
   It affects your intelligence (-1).
   It affects your dexterity (+1).
   It protects you from poison.
   It protects you from negative energy.
 y - a +0 pair of gloves (worn)
 A - the +1 cloak "Alostyrch" {+Blink Dex+5}
   (You found it in a wizard's laboratory)

   It affects your dexterity (+5).
   It lets you blink.
 E - a +0 troll leather armour
 M - the +6 chain mail of the World {rN+ MR+}
   (You bought it in a shop on level 2 of the Orcish Mines)

   It protects you from negative energy.
   It affects your resistance to hostile enchantments.
 P - the +1 plate armour "Hiony" {rF+ rC+ MR+}
   (You bought it in a shop on level 2 of the Orcish Mines)

   It protects you from fire.
   It protects you from cold.
   It affects your resistance to hostile enchantments.
 Q - a +2 hat of magic resistance (worn)
 X - the +2 cloak of Reezeing {+Blink Str+3}
   (You found it in a wizard's laboratory)

   It affects your strength (+3).
   It lets you blink.
Magical Staves
 z - an uncursed staff of summoning {unknown}
 I - an uncursed staff of wizardry {!a}
 K - an uncursed staff of conjuration {unknown}
 R - an uncursed staff of summoning {unknown}
Jewellery
 t - an uncursed ring of positive energy
 G - a +6 ring of evasion (right hand)
 O - a +2 amulet of reflection (around neck)
 W - the ring of Xothraalo {rCorr SInv}
   (You acquired it on level 12 of the Dungeon)

   [ring of resist corrosion]

   It lets you see invisible.
 Z - the ring "Arrionet" (left hand) {rF+ MR- EV+5 Dex+6 SInv}
   (You found it on level 11 of the Dungeon)

   [ring of evasion]

   It affects your evasion (+5).
   It affects your dexterity (+6).
   It protects you from fire.
   It affects your resistance to hostile enchantments.
   It lets you see invisible.
Wands
 D - a wand of clouds (1/9)
 F - a wand of digging (10/24)
 S - a wand of acid (8/15)
 U - a wand of iceblast (5/15)
Scrolls
 i - 3 scrolls of fear
 k - 12 scrolls of teleportation
 n - 2 scrolls of immolation
 o - 4 scrolls of recharging
 q - a scroll of summoning
 u - 2 scrolls of fog
 w - 3 scrolls of amnesia
 C - 4 scrolls of remove curse
 L - a scroll of blinking
Potions
 d - 2 potions of lignification
 f - a potion of resistance {unknown}
 j - 2 potions of might
 l - 7 potions of ambrosia
 m - 3 potions of cancellation
 p - 2 potions of haste
 r - 4 potions of magic
 s - 3 potions of curing
 x - 2 potions of brilliance
 B - a potion of berserk rage
 N - 3 potions of mutation
 T - 8 potions of heal wounds
 Y - 2 potions of agility
Miscellaneous
 J - a fan of gales
Comestibles
 c - 6 bread rations
 h - 7 meat rations


   Skills:
 + Level 9.1 Fighting
   Level 6.0(10.5) Maces & Flails
 - Level 6.3(10.7) Polearms
 - Level 13.2(14.1) Staves
 - Level 10.2 Armour
 + Level 11.4 Dodging
 + Level 9.1 Spellcasting
 - Level 12.2 Conjurations
 - Level 10.4 Fire Magic
 + Level 9.5 Invocations


You had 11 spell levels left.
You knew the following spells:

 Your Spells              Type           Power        Failure   Level  Hunger
a - Sublimation of Blood  Necr           ###.......   82%         2    None
b - Song of Slaying       Chrm           ###.....     82%         2    None
c - Bolt of Magma         Conj/Fire/Erth #######...   75%         5    ####...
d - Apportation           Tloc           ###...       69%         1    None
e - Regeneration          Chrm/Necr      ###.......   96%         3    None
f - Blink                 Tloc           N/A          82%         2    None
g - Passage of Golubria   Tloc           N/A          100%        4    #......
h - Lesser Beckoning      Tloc           ###.......   96%         3    None


Dungeon Overview and Level Annotations

Branches:
Dungeon (15/15)            Temple (0/1) D:5            Lair (0/6) D:11
    Orc (2/2) D:9             Elf (2/3) Orc:2        Vaults (0/5) D:14
 Depths: D:15

Altars:
Cheibriados
Elyvilon
Fedhas
Gozag
Hepliaklqana
Kikubaaqudgha
Nemelex Xobeh
Okawaru
Ru
Sif Muna
Uskayaw
Vehumet
Xom
Yredelemnul
Zin
The Shining One
Beogh

Shops:
D:10 [   D:12 *   D:13 ?   Orc:2 :[[!

Annotations:
D:6 Menkaure
D:9 ORCS
D:11 corrupted
D:14 corrupted WizLab corrupted, 7 transporters


Innate Abilities, Weirdness & Mutations

You have a beak for a mouth.
You have claws for feet.
You can fly continuously.
Your mind is acute. (Int +2)
You are resistant to hostile enchantments. (MR+)
Your natural rate of healing is unusually fast.
Your spells are a little harder to cast, but a little more powerful.


Message History

Your chain mail "Jareng" prevents you from hitting the large abomination.
You claw the large abomination.
You peck the large abomination, but do no damage.
The large abomination is moderately damaged.
The ynoxinul hits you but does no damage.
Unknown command.
You hit the large abomination.
You claw the large abomination, but do no damage.
The large abomination is moderately damaged.
The ufetubus hits you but does no damage.
The ufetubus misses you. The large abomination hits you!!
* * * LOW HITPOINT WARNING * * *
Unknown command.
Unknown command.
You enter the transporter and appear at another place.
A worldbinder comes into view.
The ufetubus completely misses you. x2
The ynoxinul hits you but does no damage.
The large abomination hits you!!
You die...

####.
###.... .
## #
#©..x. ..
#.. #
#....##v #
#.###
#........#
##.#.
....#...#
#..#.
#5X.....#
#.##.
#@3....# .
##©
▓###...©#
## ▓▓▓#
#### #


You could see a spatial vortex (dormant), a large abomination, a worldbinder, a
ynoxinul and an ufetubus.

Vanquished Creatures
  Gastronok (D:8)
  An eldritch tentacle (WizLab)
  A tentacled starspawn (WizLab)
  A deep elf elementalist (Elf:1)
  Nessos (Orc:2)
  2 deep elf death magi (Elf:1)
  Snorg (Orc:2)
  A blizzard demon (IceCv)
  A minotaur (Lab)
  2 ogre magi (Orc:2)
  A vault guard (D:14)
  Erolcha (Orc:2)
  A rakshasa (WizLab)
  2 centaur warriors (D:13)
  9 two-headed ogres
  2 tengu warriors
  10 dancing weapons
  12 deep elf knights
  Nergalle (Orc:2)
  A shadow wraith (D:13)
  2 unseen horrors
  7 deep elf archers
  An obsidian statue (WizLab)
  A wizard (D:13)
  An orc knight (D:15)
  A harpy (shapeshifter) (Elf:2)
  39 deep elf magi
  7 orc sorcerers
  A mana viper (WizLab)
  3 cyclopes
  A cyclops (shapeshifter) (D:13)
  8 ugly things
  5 manticores
  2 guardian serpents (WizLab)
  Maurice (D:8)
  2 naga magi (D:15)
  2 gargoyles (D:13)
  2 ice statues (IceCv)
  4 centaur skeletons
  2 komodo dragons
  13 ice devils (IceCv)
  2 hellwings (WizLab)
  A red devil (WizLab)
  7 trolls
  A tengu conjurer (D:12)
  A hornet (D:15)
  A wolf spider simulacrum (D:13)
  4 hippogriffs
  2 blink frogs (WizLab)
  2 meliai zombies
  A hippogriff (shapeshifter) (D:15)
  An air elemental (WizLab)
  3 shadows
  2 wyverns
  5 wraiths
  3 water elementals
  31 yaks
  An ettin skeleton (WizLab)
  A hog (shapeshifter) (D:13)
  3 hungry ghosts
  A basilisk (D:11)
  A spatial vortex (WizLab)
  2 acid dragons (D:15)
  24 orc warriors
  An infernal demonspawn skeleton (WizLab)
  4 porcupines (D:11)
  2 black bears
  2 sky beasts
  4 ice beasts
  14 ogres
  A necrophage (D:15)
  4 hornet zombies
  A phantom (D:9)
  A boggart (WizLab)
  17 centaurs
  4 crocodiles
  A gnoll sergeant (D:10)
  7 bullfrogs
  2 wyvern zombies
  2 earth elementals (Elf:2)
  6 scorpions
  8 killer bees
  An electric eel (D:12)
  2 howler monkeys
  7 wights
  A bullfrog zombie (D:13)
  10 crimson imps
  5 centaur zombies
  3 jellies
  3 hounds
  20 orc priests
  2 quasits
  3 bullfrog skeletons
  38 orc wizards
  Terence (D:2)
  7 iguanas
  13 worker ants
  A killer bee zombie (D:7)
  A hound skeleton (D:4)
  A mummy (D:14)
  A worker ant zombie (D:11)
  3 gnolls (D:10)
  13 adders
  A howler monkey skeleton (D:5)
  A river rat (Sewer)
  4 shadow imps
  4 white imps (IceCv)
  7 ufetubi (IceCv)
  2 oozes
  4 worms
  A dart slug (D:6)
  5 leopard geckos (D:7)
  81 orcs
  7 ball pythons
  9 giant cockroaches
  4 goblins
  4 hobgoblins
  10 jackals
  9 quokkas
  4 bats
  9 frilled lizards
  10 kobolds
  A leopard gecko skeleton (D:7)
  A quokka zombie (D:7)
  8 rats
660 creatures vanquished.

Vanquished Creatures (others)
  Rupert (D:14)
  A rakshasa (WizLab)
  A hydra (D:14)
  3 two-headed ogres
  A dancing weapon (Elf:2)
  3 skeletal warriors
  A deep troll (shapeshifter) (D:11)
  A large abomination (WizLab)
  A manticore (D:11)
  An ugly thing (D:7)
  A deep elf mage (Elf:2)
  A gargoyle (D:14)
  2 centaur skeletons (D:14)
  A guardian mummy (D:14)
  2 trolls
  A hornet (D:7)
  A hippogriff (D:11)
  2 shadows
  A vampire (D:11)
  A naga (shapeshifter) (D:11)
  2 acid dragons
  An orc warrior (D:7)
  A bullfrog (D:11)
  A wyvern skeleton (D:14)
  5 centaur zombies
  An orc wizard (Orc:2)
  A worker ant (D:14)
  A mummy (D:14)
  3 white imps (IceCv)
  4 ufetubi (IceCv)
  An adder skeleton (D:8)
  A leopard gecko skeleton (D:7)
  A lurking horror (WizLab)
  5 plants
  6 starspawn tentacles (WizLab)
  A withered plant (D:14)
62 creatures vanquished.

Grand Total: 722 creatures vanquished

Notes
Turn   | Place    | Note
-------+----------+-------------------------------------------
     0 | Abyss:1  | 4thArraOfDagon the Tengu Abyssal Knight began the quest for the Orb.
     0 | Abyss:1  | Reached XP level 1. HP: 14/14 MP: 3/3
    24 | Abyss:1  | Noticed an ancient zyme
    30 | D:1      | Escaped the Abyss
   183 | D:1      | Reached * piety under Lugonu
   183 | D:1      | Reached XP level 2. HP: 11/19 MP: 4/4
   439 | D:2      | Reached XP level 3. HP: 23/23 MP: 5/5
   457 | D:2      | Found a faded altar of an unknown god.
   688 | D:3      | Reached XP level 4. HP: 17/28 MP: 6/6
  1193 | D:4      | Found a glowing drain.
  1240 | Sewer    | Entered a sewer
  1270 | Sewer    | Gained mutation: You can fly. [Tengu growth]
  1270 | Sewer    | Reached XP level 5. HP: 24/32 MP: 7/7
  1277 | Sewer    | Reached ** piety under Lugonu
  1794 | D:3      | Found a shimmering altar of Xom.
  1940 | D:4      | Reached XP level 6. HP: 35/37 MP: 9/9
  1974 | D:5      | Entered Level 5 of the Dungeon
  2028 | D:5      | Reached skill level 5 in Polearms
  2107 | D:6      | Reached XP level 7. HP: 11/41 MP: 7/10
  2383 | D:6      | Noticed Menkaure
  2619 | D:5      | Found a staircase to the Ecumenical Temple.
  2773 | D:4      | Reached *** piety under Lugonu
  2993 | D:2      | Reached XP level 8. HP: 45/47 MP: 7/11
  3046 | D:2      | Noticed Terence
  3113 | D:2      | Killed Terence
  3243 | D:3      | +6 city 24/7
  3256 | D:3      | You fall through a shaft for 3 floors!
  3288 | D:6      | Found a snail-covered altar of Cheibriados.
  3352 | D:6      | Reached skill level 1 in Maces & Flails
  3404 | D:7      | Gained mutation: You occasionally shout uncontrollably at your foes. [potion of mutation]
  3404 | D:7      | Gained mutation: Your spells are a little harder to cast, but a little more powerful. [potion of mutation]
  3404 | D:7      | Gained mutation: Scrolls take you a little longer to read. [potion of mutation]
  3404 | D:7      | Gained mutation: Your mind is acute. (Int +2) [potion of mutation]
  3405 | D:7      | Lost mutation: Scrolls take you a little longer to read. [potion of mutation]
  3405 | D:7      | Lost mutation: Your mind is acute. (Int +2) [potion of mutation]
  3405 | D:7      | Lost mutation: You occasionally shout uncontrollably at your foes. [potion of mutation]
  3405 | D:7      | Gained mutation: Your mind is acute. (Int +2) [potion of mutation]
  3405 | D:7      | Gained mutation: You are robust. (+10% HP) [potion of mutation]
  3427 | D:7      | Reached skill level 5 in Armour
  3443 | D:7      | Noticed a hippogriff
  3456 | D:7      | Killed a hippogriff
  3624 | D:7      | Noticed a wyvern
  3627 | D:7      | Killed a wyvern
  3627 | D:7      | Reached skill level 5 in Fighting
  3627 | D:7      | Reached skill level 5 in Maces & Flails
  3627 | D:7      | Reached XP level 9. HP: 51/59 MP: 13/13
  3634 | D:7      | Noticed a cyan ugly thing
  3635 | D:7      | Banished a cyan ugly thing
  3702 | D:7      | Reached skill level 1 in Staves
  3730 | D:7      | Noticed a hornet
  3737 | D:7      | Banished a hornet
  3828 | D:7      | Reached skill level 2 in Staves
  3852 | D:7      | Learned a level 2 spell: Sublimation of Blood
  3852 | D:7      | Identified the Reference Book on the Lucky Blaze
  3856 | D:7      | Learned a level 2 spell: Song of Slaying
  3880 | D:7      | Reached skill level 3 in Staves
  3983 | D:7      | Gained mutation: Your natural rate of healing is unusually fast. [mutagenic meat]
  4019 | D:7      | Reached skill level 4 in Staves
  4024 | D:7      | Noticed a tengu warrior
  4286 | D:7      | Found a basalt altar of Yredelemnul.
  4405 | D:8      | Noticed Maurice
  4415 | D:8      | Reached XP level 10. HP: 67/67 MP: 14/14
  4445 | D:8      | Killed Maurice
  4445 | D:8      | Reached skill level 5 in Staves
  4445 | D:8      | Reached skill level 1 in Spellcasting
  4485 | D:8      | Noticed Gastronok
  4580 | D:7      | Killed a tengu warrior
  4580 | D:7      | Reached **** piety under Lugonu
  4583 | D:7      | Got a distressingly furry leather armour
  4594 | D:7      | Identified the cursed +1 leather armour of Space {rF+ Slay+3} (You took it off a tengu warrior on level 7 of the Dungeon)
  4651 | D:7      | Learned a level 5 spell: Bolt of Magma
  4675 | D:8      | Reached skill level 6 in Staves
  4716 | D:8      | Reached skill level 1 in Conjurations
  4723 | D:8      | Reached skill level 1 in Fire Magic
  4800 | D:8      | Killed Gastronok
  4800 | D:8      | Reached skill level 5 in Dodging
  5004 | D:9      | Reached XP level 11. HP: 73/73 MP: 16/16
  5019 | D:9      | Reached skill level 7 in Staves
  5248 | D:9      | Reached skill level 5 in Conjurations
  5352 | D:9      | Found an opulent altar of Gozag.
  5354 | D:9      | Found a glowing golden altar of the Shining One.
  5354 | D:9      | Found a glowing silver altar of Zin.
  5354 | D:9      | Found a sacrificial altar of Ru.
  5354 | D:9      | Found a blossoming altar of Fedhas.
  5355 | D:9      | Found a hide-covered altar of Uskayaw.
  5356 | D:9      | Found a deep blue altar of Sif Muna.
  5357 | D:9      | Found a white marble altar of Elyvilon.
  5362 | D:9      | Found a sparkling altar of Nemelex Xobeh.
  5473 | D:9      | Reached ***** piety under Lugonu
  5478 | D:9      | Noticed a two-headed ogre
  5486 | D:9      | Killed a two-headed ogre
  5528 | D:9      | Noticed a two-headed ogre
  5555 | D:9      | Banished a two-headed ogre
  5629 | D:10     | Entered Level 10 of the Dungeon
  5752 | D:10     | Found Teozxyth's Armour Emporium.
  5947 | D:10     | Reached skill level 8 in Staves
  5953 | D:10     | Reached skill level 5 in Fire Magic
  5994 | D:10     | Noticed a two-headed ogre
  6001 | D:10     | Killed a two-headed ogre
  6359 | D:10     | Reached XP level 12. HP: 79/79 MP: 18/18
  6395 | D:11     | Lost mutation: You are robust. (+10% HP) [mutagenic meat]
  6435 | D:11     | Noticed a two-headed ogre
  6447 | D:11     | Banished a two-headed ogre
  6566 | D:11     | Noticed a two-headed ogre
  6583 | D:11     | Killed a two-headed ogre
  6583 | D:11     | Reached skill level 5 in Invocations
  6610 | D:11     | Reached skill level 9 in Staves
  6614 | D:11     | Found a staircase to the Lair.
  6761 | D:11     | Found a runed door.
  6950 | D:11     | Noticed an anaconda
  6951 | D:11     | Corrupted D:11
  6951 | D:11     | Noticed a deep elf sorcerer
  6951 | D:11     | Noticed a tentacled starspawn
  6951 | D:11     | Noticed a deep elf elementalist
  6951 | D:11     | an anaconda changed into a deep troll
  6952 | D:11     | Noticed a starcursed mass
  7024 | D:11     | Noticed a tentacled starspawn
  7073 | D:11     | Got an ancient silver ring
  7080 | D:11     | Gained mutation: You are resistant to hostile enchantments. (MR+) [mutagenic meat]
  7084 | D:11     | Identified the ring "Arrionet" {rF+ MR- EV+5 Dex+6 SInv} (You found it on level 11 of the Dungeon)
  7088 | D:11     | Got a warped cloak
  7099 | D:11     | Identified the +2 cloak of Sacyla {rElec rN+} (You found it on level 11 of the Dungeon)
  7100 | D:11     | Got a shimmering halberd
  7200 | D:12     | Noticed a two-headed ogre
  7206 | D:12     | Killed a two-headed ogre
  7252 | D:12     | Noticed a two-headed ogre
  7273 | D:12     | Killed a two-headed ogre
  7355 | D:12     | Noticed a two-headed ogre
  7361 | D:12     | Killed a two-headed ogre
  7597 | D:12     | Found the +8 autumn katana {slice, Clar}
  7613 | D:12     | Found Lezuan's General Store.
  7618 | D:12     | HUH
  7618 | D:12     | Identified a scroll of acquirement
  7619 | D:12     | Got a scintillating bone ring
  7651 | D:12     | Noticed a tengu warrior
  7667 | D:12     | Killed a tengu warrior
  7667 | D:12     | Reached XP level 13. HP: 76/76 MP: 21/21
  7722 | D:12     | Reached skill level 10 in Staves
  7783 | D:12     | Bought a potion of ambrosia for 88 gold pieces
  7798 | D:12     | Reached skill level 5 in Spellcasting
  7954 | D:13     | Found a labyrinth entrance.
  7960 | Lab      | Entered a labyrinth
  7999 | Lab      | Noticed a minotaur
  8020 | Lab      | Killed a minotaur
  8022 | Lab      | Identified the +7 halberd "Jumpefemm" {speed, +Rage rElec} (You found it on level 11 of the Dungeon)
  8024 | Lab      | Identified the ring of Xothraalo {rCorr SInv} (You acquired it on level 12 of the Dungeon)
  8031 | Lab      | Found the +2 ratskin cloak {+Rats rPois rN+ Str-1 Int-1 Dex+1}
  8033 | Lab      | Learned a level 1 spell: Apportation
  8084 | D:13     | Found Faonurgh's Magic Scroll Shop.
  8089 | D:13     | Bought a scroll of blinking for 112 gold pieces
  8089 | D:13     | Bought a scroll of teleportation for 45 gold pieces
  8089 | D:13     | Bought a scroll of teleportation for 45 gold pieces
  8244 | D:13     | Reached skill level 10 in Conjurations
  8249 | D:13     | Reached ****** piety under Lugonu
  8335 | D:13     | Found a radiant altar of Vehumet.
  8639 | D:13     | Reached skill level 10 in Armour
  8705 | D:13     | Learned a level 3 spell: Regeneration
  8865 | D:14     | Noticed Rupert
  8866 | D:14     | Corrupted D:14
  8866 | D:14     | Noticed a starcursed mass
  8866 | D:14     | Noticed a starcursed mass
  8872 | D:14     | Killed Rupert
  9046 | D:14     | Found a gate to the Vaults.
  9046 | D:14     | Noticed a vault guard
  9060 | D:14     | Killed a vault guard
  9227 | D:15     | Entered Level 15 of the Dungeon
  9229 | D:15     | Found an iron altar of Okawaru.
  9242 | D:15     | Reached skill level 11 in Staves
  9402 | D:15     | Gained mutation: You can fly continuously. [Tengu growth]
  9402 | D:15     | Reached XP level 14. HP: 82/82 MP: 23/23
  9706 | D:15     | Found a hazy altar of Hepliaklqana.
 10082 | D:9      | Found a staircase to the Orcish Mines.
 10096 | Orc:1    | Entered Level 1 of the Orcish Mines
 10230 | Orc:1    | Found a roughly hewn altar of Beogh.
 10465 | Orc:2    | Entered Level 2 of the Orcish Mines
 10465 | Orc:2    | Found a staircase to the Elven Halls.
 10529 | Orc:2    | Reached skill level 10 in Fire Magic
 10599 | Orc:2    | Found a roughly hewn altar of Beogh.
 10703 | Orc:2    | Found Jymodghye's Distillery.
 10735 | Orc:2    | Bought a potion of haste for 140 gold pieces
 10735 | Orc:2    | Bought a potion of heal wounds for 70 gold pieces
 10735 | Orc:2    | Bought 2 potions of heal wounds for 140 gold pieces
 10735 | Orc:2    | Bought a potion of might for 56 gold pieces
 10735 | Orc:2    | Bought a potion of curing for 42 gold pieces
 10735 | Orc:2    | Bought 2 potions of curing for 84 gold pieces
 10748 | Orc:2    | Found Bineepa's Book Shop.
 10761 | Orc:2    | :/
 10775 | Orc:2    | Found an ancient bone altar of Kikubaaqudgha.
 10775 | Orc:2    | Noticed Snorg
 10776 | Orc:2    | Noticed Nergalle
 10795 | Orc:2    | Killed Snorg
 10833 | Orc:2    | Killed Nergalle
 10839 | Orc:2    | Found Irocomon's Antique Armour Boutique.
 10843 | Orc:2    | Noticed Nessos
 10875 | Orc:2    | Found a radiant altar of Vehumet.
 10875 | Orc:2    | Noticed Erolcha
 10893 | Orc:2    | Killed Erolcha
 10904 | Orc:2    | Killed Nessos
 10933 | Orc:2    | Paralysed by an ogre mage for 6 turns
 10950 | Orc:2    | Bought a bloodstained chain mail for 275 gold pieces
 11038 | Orc:2    | Found a roughly hewn altar of Beogh.
 11039 | Orc:2    | Found Botepefi's Antique Armour Boutique.
 11065 | Orc:2    | Bought a scorched chain mail for 152 gold pieces
 11065 | Orc:2    | Bought an ichor-stained plate armour for 448 gold pieces
 11075 | Orc:2    | Identified the +3 chain mail "Jareng" {rPois rC+ Slay+2} (You bought it in a shop on level 2 of the Orcish Mines)
 11085 | Orc:2    | Identified the +6 chain mail of the World {rN+ MR+} (You bought it in a shop on level 2 of the Orcish Mines)
 11097 | Orc:2    | Identified the +1 plate armour "Hiony" {rF+ rC+ MR+} (You bought it in a shop on level 2 of the Orcish Mines)
 11323 | Orc:2    | Reached skill level 12 in Staves
 11366 | Elf:1    | Entered Level 1 of the Elven Halls
 11376 | Elf:1    | BAK!
 11537 | Elf:1    | Noticed a deep elf elementalist
 11547 | Elf:1    | Killed a deep elf elementalist
 11656 | Elf:1    | Reached XP level 15. HP: 86/86 MP: 26/26
 11692 | Elf:1    | Found a frozen archway.
 11697 | IceCv    | Entered an ice cave
 12260 | Elf:1    | Reached skill level 13 in Staves
 12438 | Elf:1    | Reached skill level 10 in Dodging
 12933 | Elf:2    | Reached XP level 16. HP: 83/94 MP: 29/29
 12949 | Elf:2    | Found a magical portal.
 13034 | WizLab   | Entered The Roulette of Golubria
 13034 | WizLab   | Found a transporter.
 13096 | WizLab   | Found a corrupted altar of Lugonu.
 13170 | WizLab   | Corrupted WizLab
 13171 | WizLab   | Noticed a revenant
 13187 | WizLab   | Found a transporter.
 13194 | WizLab   | Noticed a lich
 13243 | WizLab   | Found a transporter.
 13334 | WizLab   | Found a transporter.
 13384 | WizLab   | Found a transporter.
 13394 | WizLab   | Noticed a tentacled starspawn
 13394 | WizLab   | Found a transporter.
 13394 | WizLab   | Found a transporter.
 13413 | WizLab   | HP: 1/95 [tentacled starspawn (25)]
 13421 | WizLab   | Killed a tentacled starspawn
 13549 | WizLab   | Found a transporter.
 13558 | WizLab   | Found a transporter.
 13558 | WizLab   | Found a transporter.
 13591 | WizLab   | Identified the +2 cloak "Zekh" {-Tele +Inv Str+10 SInv} (You found it in a wizard's laboratory)
 13594 | WizLab   | Got a jewelled cloak
 13605 | WizLab   | Got an encrusted cloak
 13616 | WizLab   | Identified the +2 cloak of Reezeing {+Blink Str+3} (You found it in a wizard's laboratory)
 13626 | WizLab   | Identified the +1 cloak "Alostyrch" {+Blink Dex+5} (You found it in a wizard's laboratory)
 13647 | WizLab   | Found a transporter.
 13647 | WizLab   | Found a transporter.
 13653 | WizLab   | Found a transporter.
 13653 | WizLab   | Found a transporter.
 13706 | WizLab   | Learned a level 2 spell: Blink
 13711 | WizLab   | Learned a level 4 spell: Passage of Golubria
 13715 | WizLab   | Learned a level 3 spell: Lesser Beckoning
 13730 | WizLab   | Paralysed by accursed screaming for 1 turns
 13736 | WizLab   | Found a transporter.
 13736 | WizLab   | Found a transporter.
 13757 | WizLab   | Demolished by a large abomination

Vault maps used:
D:1:      saegor_arrival_simple_e
D:2:      chequers_ecumenical_altar_island, uniq_terence
D:3:      grunt_temple_overflow_champion_of_chaos
D:4:      cheibrodos_sewer_entry_drain, first_bread, grunt_ministairs_4,
          kennysheep_dice
D:5:      minmay_temple_entry_statues_pillars, uniq_pikel
D:6:      kennysheep_slug_shrine, uniq_menkaure
D:7:      minmay_the_grid_octo_2x2, kennysheep_little_box, minmay_lizard_king
D:8:      hangedman_pestilent_swarm, minmay_misc_feat_rows,
          hangedman_decor_opposing, uniq_gastronok, uniq_maurice
D:9:      minitemple, david_orc_4, special_room
D:10:     serial_shops, shop
D:11:     minmay_lair_entry_grove, minmay_st_funbox
D:12:     serial_shops, nicolae_shop_stone, minmay_stone_trees_small,
          kb_tengu_band
D:13:     minmay_blocking_statues, serial_shops, shop, basic_altar,
          lab_entry_generic, moated_statue
D:14:     david_vaults_5, minmay_misc_feat_chi, serial_undead, serial_undead_b,
          serial_undead_e, serial_undead_d, serial_undead_e, serial_undead_d,
          serial_undead_e, special_room, uniq_rupert, uniq_agnes
D:15:     grunt_enter_depths_magical_seal, basic_altar,
          okawaru_ov_weapons_minmay
Orc:1:    basic_altar
Orc:2:    kennysheep_orc_mage_school, basic_altar, uniq_nessos, uniq_snorg
Elf:1:    portal_ice_cave_entry_pillars_four,
          hangedman_elven_crosses_minicolossus, uniq_aizul
Elf:2:    infiniplex_enter_wizlab_glasses, hex_medium
Lab:      labyrinth_mini_lab, nicolae_lab_do_over
Sewer:    sewer_co_cracked_pipes
IceCv:    ice_cave_small_demon
WizLab:   wizlab_golubria

Skill      XL: |  1  2  3  4  5  6  7  8  9 10 11 12 13 14 15 16 |
---------------+-------------------------------------------------+-----
Polearms       | 3 4 5 6 |  6.3
Invocations    | 2 3 4 5 6 7 9 |  9.5
Dodging        | 2 3 4 5 6 7 8 9 10 11 | 11.4
Armour         | 3 4 5 7 8 9 10 | 10.2
Maces & Flails | 5 6 |  6.0
Fighting       | 5 6 7 8 9 |  9.1
Staves         | 4 6 8 9 11 12 13 | 13.2
Spellcasting   | 2 3 4 5 7 8 9 |  9.1
Conjurations   | 4 7 9 11 12 | 12.2
Fire Magic     | 3 5 7 9 10 | 10.4

Action                   |  1- 3 |  4- 6 |  7- 9 | 10-12 | 13-15 | 16-18 || total
-------------------------+-------+-------+-------+-------+-------+-------++-------
Melee: Spear             |    69 |   169 |   109 |       |       |       ||   347
       Kick              |     9 |    26 |    48 |   204 |   537 |   102 ||   926
       Peck              |     7 |    25 |    37 |   116 |   323 |    68 ||   576
       Flail             |       |       |   168 |    20 |       |       ||   188
       Quarterstaff      |       |       |       |   614 |  1433 |   244 ||  2291
Invok: Depart the Abyss  |     1 |       |       |       |       |       ||     1
       Banish            |       |       |     4 |     2 |     1 |       ||     7
       Corrupt           |       |       |       |     1 |     1 |     1 ||     3
       Bend Space        |       |       |       |     1 |     1 |       ||     2
 Abil: Fly               |       |     4 |     4 |       |     2 |       ||    10
Evoke: Wand              |       |       |    11 |     6 |     4 |       ||    21
       Sack of spiders   |       |       |       |       |       |     1 ||     1
  Use: Potion            |     1 |     3 |     5 |     1 |     2 |     3 ||    15
       Scroll            |       |     9 |     4 |     8 |    21 |     1 ||    43
 Stab: Sleeping          |       |     1 |       |       |       |       ||     1
       Confused          |       |       |       |     1 |     3 |       ||     4
       Paralysed         |       |       |       |       |     3 |       ||     3
       Invisible         |       |       |       |       |       |     1 ||     1
  Eat: Chunk             |       |     4 |     8 |    12 |    13 |     1 ||    38
       Bread ration      |       |     1 |       |       |       |     1 ||     2
       Royal jelly       |       |       |       |     5 |     3 |     1 ||     9
       Fruit             |       |       |       |       |     4 |       ||     4
Armor: Leather armour    |     6 |     5 |       |    54 |    56 |       ||   121
       Skin              |       |    24 |       |       |       |       ||    24
       Scale mail        |       |    35 |    39 |       |       |       ||    74
       Ring mail         |       |       |    37 |    14 |       |       ||    51
       Chain mail        |       |       |       |       |   103 |    44 ||   147
Dodge: Dodged            |    22 |    70 |   180 |   442 |   968 |   266 ||  1948
Block: Other             |       |       |       |       |    57 |    14 ||    71
       Reflection        |       |       |       |       |     1 |     2 ||     3

Table legend:
 A = Spawn XP
 B = Non-spawn XP
 C = Spawn XP percentage of total XP
 D = Spawn monster count
 E = Non-spawn monster count
 F = Spawn count percentage of total count
 G = Total turns spent on level
                    A         B        C        D         E        F      G
               +---------+---------+-------+---------+---------+-------+---------
         Total |       0 |  143800 |   0.0 |       0 |     672 |   0.0 | 13757
               +---------+---------+-------+---------+---------+-------+---------
           D:1 |       0 |      20 |   0.0 |       0 |      13 |   0.0 |   272
           D:2 |       0 |     109 |   0.0 |       0 |      23 |   0.0 |   644
           D:3 |       0 |      74 |   0.0 |       0 |      12 |   0.0 |   639
           D:4 |       0 |     291 |   0.0 |       0 |      19 |   0.0 |   583
           D:5 |       0 |     580 |   0.0 |       0 |      13 |   0.0 |   208
           D:6 |       0 |     242 |   0.0 |       0 |      10 |   0.0 |   599
           D:7 |       0 |    4042 |   0.0 |       0 |      52 |   0.0 |  1077
           D:8 |       0 |    3613 |   0.0 |       0 |      15 |   0.0 |   471
           D:9 |       0 |    4226 |   0.0 |       0 |      52 |   0.0 |   821
          D:10 |       0 |    5210 |   0.0 |       0 |      48 |   0.0 |   759
          D:11 |       0 |    5832 |   0.0 |       0 |      27 |   0.0 |   778
          D:12 |       0 |    9475 |   0.0 |       0 |      33 |   0.0 |   716
          D:13 |       0 |   13637 |   0.0 |       0 |      61 |   0.0 |   952
          D:14 |       0 |    3312 |   0.0 |       0 |      10 |   0.0 |   388
          D:15 |       0 |   10757 |   0.0 |       0 |      35 |   0.0 |   604
         Orc:1 |       0 |    2418 |   0.0 |       0 |      33 |   0.0 |   369
         Orc:2 |       0 |   12300 |   0.0 |       0 |      75 |   0.0 |   901
         Elf:1 |       0 |   38877 |   0.0 |       0 |      56 |   0.0 |   913
         Elf:2 |       0 |   12265 |   0.0 |       0 |      23 |   0.0 |   224
           Lab |       0 |    1085 |   0.0 |       0 |       1 |   0.0 |   120
         Sewer |       0 |      54 |   0.0 |       0 |      16 |   0.0 |   435
         IceCv |       0 |    5592 |   0.0 |       0 |      27 |   0.0 |   531
        WizLab |       0 |    9789 |   0.0 |       0 |      18 |   0.0 |   723
               +---------+---------+-------+---------+---------+-------+---------
